 Dungeon Crawl Stone Soup version 0.22-a0-247-gbddf880 (webtiles) character file.

667168 4thArraOfDagon the Sorcerer (level 27, 0/216 HPs)
             Began as a Barachi Earth Elementalist on Feb 21, 2018.
             Was the Champion of Vehumet.
             Slain by Wamapukh the pandemonium lord (18 damage)
             ... on level 22 of a ziggurat on Feb 23, 2018.
             The game lasted 03:38:09 (30631 turns).

4thArraOfDagon the Sorcerer (BaEE)                 Turns: 30631, Time: 03:38:10

Health: 0/216      AC: 14    Str: 14    XL:     27
Magic:  47/61      EV: 19    Int: 43    God:    Vehumet [******]
Gold:   1507       SH:  0    Dex: 11    Spells: 17/76 levels left

rFire    . . .     SeeInvis .   I - staff of energy {!a}
rCold    . . .     Gourm    .   (no shield)
rNeg     . . .     Faith    .   S - +2 robe {Archmagi}
rPois    +         Spirit   .   M - +2 hat {Int+3}
rElec    .         Reflect  .   f - scarf {repulsion}
rCorr    .         Harm     .   q - +2 pair of gloves {Str+3}
MR       ++...                  J - +2 pair of boots "Uruelaiq" {rPois Int+4 Slay-6}
Stlth    ++........             X - amulet "Rubeys" {+Rage Int+4}
HPRegen  1.86/turn              G - ring of the Octopus King {MP+9 AC+1 EV+1 Str+1 Int+1 Dex+1}
MPRegen  0.37/turn              g - ring of Ycayluvi {Int+7 Dex-5 Slay+3}

@: regenerating, studying 2 skills, repel missiles, slow
A: +LOS, swims, dopey 1, regeneration 1, robust 2, slowness 1, strong legs 2
}: 2/15 runes: barnacled, gossamer
a: Hop, Renounce Religion, Evoke Berserk Rage


You were on level 22 of a ziggurat.
You worshipped Vehumet.
Vehumet was exalted by your worship.
You were very full.

You visited 8 branches of the dungeon, and saw 40 of its levels.
You visited the Abyss 2 times.
You visited 1 ziggurat, and saw 22 of its levels.
You also visited: Labyrinth, Ice Cave and Volcano.

You collected 5238 gold pieces.
You spent 3731 gold pieces at shops.

Inventory:

Hand Weapons
 c - the +8 broad axe "Woof" {chop, rPois rF+ SInv Stlth+}
   (You found it on level 14 of a ziggurat)

   It inflicts extra damage upon your enemies.
   It protects you from fire.
   It protects you from poison.
   It lets you see invisible.
   It makes you more stealthy.
Missiles
 v - 8 throwing nets (quivered)
Armour
 f - a scarf of repulsion (worn)
 q - a +2 pair of gloves of strength (worn)
 s - the cursed +0 helmet of Birdsong {rElec rF+ rCorr}
   (You found it on level 20 of a ziggurat)

   It protects you from fire.
   It insulates you from electricity.
   It protects you from acid and corrosion.
   It has a curse placed upon it.
 y - the +10 shield of Resourcefulness {rC- rN+ Stlth+}
   (You found it on level 2 of the Depths)

   It makes you vulnerable to cold.
   It protects you from negative energy.
   It makes you more stealthy.
 J - the +2 pair of boots "Uruelaiq" (worn) {rPois Int+4 Slay-6}
   (You acquired it on level 3 of the Elven Halls)

   It affects your intelligence (+4).
   It affects your accuracy and damage with ranged weapons and melee attacks
   (-6).
   It protects you from poison.
 M - a +2 hat of intelligence (worn)
 S - a +2 robe of the Archmagi (worn)
Magical Staves
 z - an uncursed staff of power {!a}
 I - an uncursed staff of energy (weapon) {!a}
Jewellery
 b - a ring of the Octopus King {rCorr AC+1 EV+1 Str+1 Int+1 Dex+1}
   (You found it on level 19 of a ziggurat)

   [ring of resist corrosion]

   It affects your AC (+1).
   It affects your evasion (+1).
   It affects your strength (+1).
   It affects your intelligence (+1).
   It affects your dexterity (+1).
 g - the ring of Ycayluvi (right hand) {Int+7 Dex-5 Slay+3}
   (You found it on level 12 of a ziggurat)

   [ring of slaying]

   It affects your intelligence (+7).
   It affects your dexterity (-5).
   It affects your accuracy and damage with ranged weapons and melee attacks
   (+3).
 k - an uncursed ring of protection from fire
 r - the ring "Etsas" {+Fly rC+ MP+9 Int+3}
   (You found it on level 4 of the Shoals)

   [ring of intelligence]

   It affects your intelligence (+3).
   It protects you from cold.
   It affects your magic capacity (+9).
   It lets you fly.
 G - a ring of the Octopus King (left hand) {MP+9 AC+1 EV+1 Str+1 Int+1 Dex+1}
   (You found it in an ice cave)

   [ring of magical power]

   It affects your AC (+1).
   It affects your evasion (+1).
   It affects your strength (+1).
   It affects your intelligence (+1).
   It affects your dexterity (+1).
   It affects your magic capacity (+9).
 N - the ring of Xom's Displeasure {+Blink rN+ MP+9}
   (You took it off a deep elf elementalist on level 3 of the Elven Halls)

   [ring of positive energy]

   It protects you from negative energy.
   It affects your magic capacity (+9).
   It lets you blink.
 X - the amulet "Rubeys" (around neck) {+Rage Int+4}
   (You acquired it on level 3 of the Elven Halls)

   [amulet of rage]

   It affects your intelligence (+4).
   It lets you go berserk.
Wands
 x - a wand of acid (53)
 O - a wand of scattershot (4)
 Q - a wand of digging (58)
 T - a wand of clouds (5)
 V - a wand of iceblast (10)
Scrolls
 e - 17 scrolls of amnesia
 h - 17 scrolls of remove curse
 l - 6 scrolls of magic mapping
 n - 13 scrolls of fog
 o - 20 scrolls of teleportation
 u - 2 scrolls of identify
 D - 2 scrolls of holy word
 E - 3 scrolls of fear
 U - 3 scrolls of blinking
 W - 2 scrolls of immolation
 Z - 2 scrolls of summoning
Potions
 a - 5 potions of heal wounds
 i - 3 potions of cancellation
 m - 10 potions of flight
 p - 9 potions of agility
 t - 9 potions of might
 w - 17 potions of curing
 A - 18 potions of mutation
 B - a potion of magic
 F - a potion of brilliance
 H - 3 potions of invisibility
 K - 5 potions of ambrosia
 R - 13 potions of haste
 Y - a potion of resistance
Books
 C - a manual of Shields
 P - a manual of Axes
Miscellaneous
 j - a lightning rod (4/4)
 L - a lamp of fire
Comestibles
 d - 52 rations


   Skills:
 - Level 7.1 Fighting
 - Level 16.0 Axes
 - Level 7.0 Armour
 - Level 12.1 Dodging
 - Level 1.7 Stealth
 * Level 25.2 Spellcasting
 * Level 21.6 Conjurations
 - Level 6.4 Necromancy
 - Level 6.3 Transmutations
 - Level 16.3 Fire Magic
 - Level 17.6 Ice Magic
 - Level 20.0 Earth Magic
 - Level 11.0 Evocations


You had 17 spell levels left.
You knew the following spells:

 Your Spells              Type           Power        Failure   Level  Hunger
a - Regeneration          Chrm/Necr      #######...   1%          3    None
b - Passwall              Tmut/Erth      ########..   0%          2    None
c - Lee's Rapid Deconstr  Erth           ########..   0%          5    None
f - Shatter               Erth           ########..   1%          9    None
g - Statue Form           Tmut/Erth      ########.    1%          6    None
h - Borgnjor's Vile Clut  Necr/Erth      ########..   1%          5    None
i - Fire Storm            Conj/Fire      ########..   2%          9    None
j - Blink                 Tloc           N/A          1%          2    None
k - Glaciate              Conj/Ice       ########..   2%          9    None
l - Iron Shot             Conj/Erth      #########.   0%          6    None
m - Sublimation of Blood  Necr           ########..   1%          2    None
n - Apportation           Tloc           ######       1%          1    None


Dungeon Overview and Level Annotations

Branches:
Dungeon (15/15)            Temple (1/1) D:5            Lair (6/6) D:8
 Shoals (4/4) Lair:4       Spider (4/4) Lair:3        Slime (0/5) Lair:6
    Orc (2/2) D:12            Elf (3/3) Orc:2        Vaults (0/5) D:13
 Depths (5/5) D:15
    Zot: Depths:5

Altars:
Dithmenos
Kikubaaqudgha
Makhleb
Qazlal
Ru
Sif Muna
Trog
Uskayaw
Vehumet
Wu Jian
Zin
The Shining One
Beogh
Jiyva

Shops:
D:6 *![((   D:12 *   D:15 ?:}   Orc:2 %::}(   Elf:1 ?   Elf:3 *   Depths:1 %%!

Portals:
Hell: Depths:1 Depths:2 Depths:3 Depths:4 Depths:5
Abyss: Depths:3 Depths:4
Pandemonium: Depths:1 Depths:3 Depths:4

Annotations:
D:4 sankara's ghost, amateur MiFi
D:6 Prince Ribbit
D:13 exclusion: downstairs
Lair:4 HSOALS
Elf:2 4 runed doors


Innate Abilities, Weirdness & Mutations

Shadows flee at your approach. (+LOS)
You can swim through water.
You cover ground slowly.
You can hop long distances.
You are dopey. (Int -2)
Your natural rate of healing is unusually fast.
You are very robust. (+20% HP)


Message History

2 apocalypse crabs come into view.
Unknown command.
Unknown command.
Casting: Glaciate (slightly dangerous; 2% risk of failure)
Confirm with . or Enter, or press ? or * to list all spells.
Okay, then.
Unknown command.
Casting: Glaciate (slightly dangerous; 2% risk of failure)
Confirm with . or Enter, or press ? or * to list all spells.
You feel a surge of power!
You draw magical energy from your own body!
Wamapukh is engulfed in freezing vapours.
Wamapukh hits you!!!
* * * LOW HITPOINT WARNING * * *
Space warps horribly around you!
* * * LOW HITPOINT WARNING * * *
Your fire vortex is engulfed in freezing vapours.
Wamapukh is engulfed in freezing vapours.
Wamapukh hits you!!
You die...

.........▓▓
..........▓
...§..§...▓▓
v.C§§†.....▓
..t§§§§....▓
.§.§§§§.§§.▓
.§§§§.§v§..▓▓
..§...§§§∩..▓
.&†p.§§§&@.▓▓
..t§§§§§§..▓
..§.§.§....▓
.§§.v§§§v..▓
.v.§§§....▓▓
...§§.....▓
...§.....▓▓
........▓▓
.......▓


You could see Wamapukh, Ymull, a Killer Klown, a frost giant, 2 apocalypse crabs
and 4 friendly fire vortices.

Vanquished Creatures
  4 ancient liches
  Mara (Depths:4)
  3 juggernauts
  11 greater mummies
  Xtahua (Depths:4)
  2 caustic shrikes
  8 pandemonium lords
  11 Killer Klowns
  A profane servitor (Zig:19)
  6 golden dragons
  2 bone dragons
  3 hellephants
  Jorgrun (Depths:4)
  A Hell Sentinel (Zig:15)
  2 tentacled monstrosities
  An Ice Fiend (Zig:8)
  3 liches
  A quicksilver dragon (Zig:12)
  Asterion (Elf:2)
  2 titans
  A deep elf blademaster (Elf:3)
  3 Executioners
  11 acid blobs (Zig:17)
  A quicksilver dragon (shapeshifter) (Zig:16)
  4 ancient champions (Zig:19)
  2 sphinxes
  2 thorn hunters (Zig:14)
  Kirke (Spider:3)
  A shadow dragon (shapeshifter) (Zig:13)
  Donald (Orc:2)
  2 storm dragons
  5 draconian monks
  Ilsuiw (Shoals:4)
  A tengu reaver (Depths:5)
  3 revenants (Zig:19)
  4 azure jellies (Zig:17)
  Roxanne (D:15)
  2 shadow dragons
  2 azure jellies (shapeshifter)
  A frost giant (shapeshifter) (Zig:13)
  3 ghost moths
  4 frost giants
  5 draconian scorchers (Zig:20)
  An orc warlord (Zig:16)
  A vault warden (Zig:16)
  5 fire giants
  4 iron dragons (Zig:12)
  6 deep elf sorcerers
  A fire giant (shapeshifter) (Depths:2)
  Aizul (Elf:3)
  Louise (Elf:3)
  A ghoul (Zig:19)
  13 draconian knights
  2 draconian shifters (Zig:20)
  12 emperor scorpions
  3 warmongers (Zig:15)
  A caustic shrike zombie (Depths:3)
  An ironheart preserver (Zig:16)
  2 spriggan defenders
  6 draconian annihilators
  3 curse skulls (Zig:19)
  9 deep elf elementalists (Elf:3)
  7 draconian stormcallers
  10 stone giants
  17 very ugly things
  8 war gargoyles (Depths:2)
  A caustic shrike skeleton (Depths:3)
  A blood saint (Zig:15)
  A stone giant (shapeshifter) (Zig:13)
  5 deep elf demonologists
  7 entropy weavers
  2 black suns (Zig:15)
  4 vampire knights
  8 bennus
  9 dire elephants
  4 deep elf annihilators
  4 purple draconians
  5 green draconians
  3 white draconians (Zig:20)
  A yellow draconian (Zig:11)
  A lorocyproca (Zig:15)
  A dire elephant (shapeshifter) (Zig:8)
  3 red draconians
  3 black draconians
  A spark wasp (shapeshifter) (Depths:2)
  7 spark wasps
  6 deep elf death magi
  An ettin (shapeshifter) (Depths:2)
  8 merfolk impalers
  8 ettins
  A death ooze (Zig:17)
  2 green deaths
  6 eidola (Zig:19)
  5 crystal guardians (Depths:2)
  7 mummy priests
  3 merfolk javelineers
  8 fire dragons
  6 deep elf high priests
  14 great orbs of eyes
  4 vault guards (D:13)
  5 yaktaur captains
  Harold (Lair:3)
  14 hydras
  A hell beast (Zig:15)
  6 ice dragons
  A rakshasa (Depths:4)
  A death knight (Zig:16)
  A ghost crab (Zig:10)
  2 juggernaut simulacra
  5 spriggan air magi
  An anaconda (shapeshifter) (Zig:16)
  A catoblepas (shapeshifter) (Depths:2)
  2 catoblepae
  An anaconda (Lair:6)
  9 centaur warriors
  3 merfolk avatars
  6 merfolk aquamancers
  40 two-headed ogres
  2 satyrs (Shoals:4)
  32 dancing weapons
  12 ogre magi
  2 death yaks
  3 alligators
  2 alligator snapping turtles (Shoals:4)
  5 deep troll shamans
  5 tengu warriors
  The ghost of anet the Jinx, a journeyman DEWz of Ashenzari (D:10)
  A vampire mage (Zig:19)
  5 death scarabs
  A titan zombie (Zig:18)
  4 deep troll earth magi
  Sonja (Lair:3)
  5 spriggan berserkers
  15 deep elf knights
  A shock serpent (Depths:2)
  6 spriggans
  3 iron trolls
  3 soul eaters
  The ghost of Xenophilius the Destroyer, a novice TeFE of Vehumet (D:8)
  A salamander mystic (Depths:3)
  A fire crab (shapeshifter) (Depths:2)
  3 death drakes
  5 hell knights (Depths:5)
  2 shadow wraiths (Zig:19)
  17 deep trolls
  A sea snake (shapeshifter) (Zig:8)
  2 unseen horrors
  A golden dragon zombie (Zig:18)
  8 sea snakes
  A spriggan druid (Zig:10)
  3 wizards
  4 obsidian statues (Depths:2)
  A torturous demonspawn (Zig:15)
  4 swamp dragons
  6 glowing orange brains
  A storm dragon skeleton (Zig:21)
  A sphinx zombie (Depths:3)
  A cherub (Zig:15)
  2 shambling mangroves
  22 deep elf archers
  A golden dragon skeleton (Depths:3)
  3 harpies (Shoals:2)
  An orange crystal statue (Zig:1)
  8 flayed ghosts
  A tengu zombie (Zig:18)
  13 orb spiders
  A lindwurm (shapeshifter) (Zig:8)
  26 wolf spiders
  11 fauns
  A harpy (shapeshifter) (Depths:1)
  3 shining eyes (Zig:17)
  4 salamanders (Depths:3)
  2 necromancers (Depths:3)
  6 oklob plants
  5 orc knights
  27 ugly things
  3 orc sorcerers
  63 deep elf magi
  A faun (shapeshifter) (Depths:4)
  2 sphinx skeletons (Zig:18)
  13 manticores
  A shadow dragon skeleton (Zig:18)
  A wolf spider (shapeshifter) (Depths:2)
  3 moths of wrath
  3 cyclopes
  A black mamba (shapeshifter) (Depths:2)
  A cyclops (shapeshifter) (Depths:2)
  A salamander (shapeshifter) (Depths:2)
  A moth of wrath (shapeshifter) (Depths:5)
  A frost giant skeleton (Depths:3)
  2 vault sentinels (Zig:16)
  10 merfolk sirens
  6 water nymphs
  11 elephants
  4 torpor snails
  An orange demon (Zig:15)
  24 spiny frogs
  A spriggan zombie (Zig:18)
  5 apocalypse crabs
  2 ice statues (IceCv)
  Maurice (D:15)
  3 black mambas
  5 molten gargoyles
  5 spectral swamp worms (Depths:3)
  A torpor snail (shapeshifter) (Depths:2)
  5 gargoyles
  An eye of devastation (Zig:17)
  3 hellions (Zig:15)
  12 komodo dragons
  12 rime drakes
  An efreet (Volcano)
  14 demonic crawlers
  2 freezing wraiths (D:13)
  19 guardian mummies
  A red devil (Zig:15)
  2 komodo dragons (shapeshifter)
  16 yaktaurs
  4 tengu conjurers
  20 merfolk
  11 trolls
  A jumping spider (shapeshifter) (Depths:4)
  A wind drake (shapeshifter) (Depths:1)
  4 polar bears
  53 jumping spiders
  18 hornets
  7 wind drakes
  A raiju (shapeshifter) (Depths:2)
  29 slime creatures
  2 tyrant leeches (Zig:14)
  A hippogriff (shapeshifter) (Depths:5)
  5 bog bodies
  A dream sheep (shapeshifter) (Zig:8)
  12 dream sheep
  3 raiju (Depths:2)
  10 blink frogs
  7 hippogriffs
  7 air elementals
  11 snapping turtles
  A meliai zombie (D:14)
  A shadow (D:11)
  8 flying skulls
  110 redbacks
  37 tarantellas
  A redback (shapeshifter) (Zig:16)
  A spriggan (shapeshifter) (Depths:4)
  4 ushabtiu (Zig:18)
  16 water elementals
  5 wyverns
  A wyvern (shapeshifter) (Depths:5)
  2 wraiths
  15 fire elementals
  7 basilisks
  A human (shapeshifter) (Depths:2)
  2 fire bats (Volcano)
  44 yaks
  7 hogs (Spider:3)
  3 spriggan simulacra
  A chaos spawn (Zig:13)
  An elf skeleton (Zig:21)
  10 steam dragons
  7 vampire mosquitoes
  A swamp worm (shapeshifter) (Depths:2)
  4 swamp worms (Spider:4)
  A soldier ant (shapeshifter) (D:15)
  An acid dragon (Zig:12)
  8 insubstantial wisps
  3 wargs
  A floating eye (Zig:17)
  13 water moccasins
  7 porcupines
  8 hydra simulacra (Depths:3)
  A sky beast (D:9)
  4 swamp drakes
  17 ice beasts
  23 orc warriors
  3 eyes of draining
  An ice beast (shapeshifter) (Depths:2)
  3 necrophages
  4 phantoms
  2 black bears
  12 wolves
  4 boggarts (Depths:1)
  43 ogres
  14 centaurs
  13 crocodiles
  2 big kobolds (shapeshifter) (Depths:2)
  3 big kobolds
  18 bullfrogs
  A wyvern zombie (D:12)
  13 earth elementals
  A glowing shapeshifter simulacrum (Depths:3)
  A scorpion (shapeshifter) (Depths:3)
  A wyvern skeleton (D:12)
  2 scorpions (D:13)
  2 water moccasin skeletons
  A small abomination (Abyss:2)
  9 killer bees
  12 wights
  2 vampire bats (Lair:1)
  2 howler monkeys
  3 electric eels
  6 lava snakes (Volcano)
  3 centaur zombies
  6 crimson imps
  A quasit (D:11)
  13 hounds
  6 jellies
  17 orc priests
  27 orc wizards
  2 centaur skeletons
  3 iguanas
  8 worker ants
  7 hell rats (Lair:3)
  A lightning spire (Zig:15)
  A hound skeleton (D:5)
  36 mummies
  6 gnolls
  19 adders
  2 howler monkey skeletons (D:4)
  12 river rats (Lair:3)
  4 shadow imps
  A white imp (Abyss:2)
  An ooze (D:5)
  17 worms
  8 ball lightnings (Depths:2)
  A dart slug (D:1)
  7 leopard geckos
  96 orcs
  7 giant cockroaches
  11 goblins
  4 hobgoblins
  14 jackals
  13 quokkas
  A ball python (D:2)
  14 bats
  3 frilled lizards
  24 kobolds
  A leopard gecko skeleton (D:7)
  A leopard gecko zombie (D:6)
  A quokka skeleton (D:4)
  14 rats
  15 blocks of ice
  47 briar patches (Zig:14)
  66 fire vortices
  2 fungi
  41 plants
2412 creatures vanquished.

Vanquished Creatures (collateral kills)
  Rupert (Lair:3)
  2 acid blobs (Zig:17)
  2 slime creatures (Zig:17)
5 creatures vanquished.

Vanquished Creatures (others)
  A sphinx (Zig:16)
  An emperor scorpion (Spider:4)
  2 dancing weapons
  2 glowing orange brains (Depths:2)
  A harpy (Shoals:2)
  A water nymph (Shoals:2)
  A rime drake (Lair:3)
  A komodo dragon (shapeshifter) (Zig:16)
  A komodo dragon (Lair:3)
  A slime creature (Depths:1)
  An air elemental (Depths:2)
  A boggart (Depths:1)
  2 ball lightnings (Depths:2)
  4 blocks of ice
  2 bushes (Elf:1)
  69 fire vortices
  10 fungi
  23 plants
124 creatures vanquished.

Grand Total: 2541 creatures vanquished

Notes
Turn   | Place    | Note
-------+----------+-------------------------------------------
     0 | D:1      | 4thArraOfDagon the Barachi Earth Elementalist began the quest for the Orb.
     0 | D:1      | Reached XP level 1. HP: 13/13 MP: 3/3
   149 | D:1      | Reached XP level 2. HP: 13/19 MP: 5/5
   162 | D:1      | Learned a level 2 spell: Passwall
   516 | D:2      | Reached XP level 3. HP: 18/24 MP: 1/6
  1135 | D:2      | Reached XP level 4. HP: 22/30 MP: 3/7
  1378 | D:3      | Reached skill level 5 in Earth Magic
  1481 | D:3      | Reached XP level 5. HP: 30/35 MP: 2/9
  1501 | D:3      | Learned a level 5 spell: Lee's Rapid Deconstruction
  1863 | D:4      | Found a sacrificial altar of Ru.
  1910 | D:4      | Reached skill level 3 in Spellcasting
  1923 | D:4      | Noticed sankara's ghost (amateur MiFi)
  1996 | D:5      | Entered Level 5 of the Dungeon
  2108 | D:5      | Noticed a necrophage
  2121 | D:5      | Killed a necrophage
  2121 | D:5      | Reached XP level 6. HP: 33/40 MP: 5/11
  2507 | D:3      | Learned a level 3 spell: Stone Arrow
  2525 | D:5      | Got a crystal war axe
  2530 | D:5      | Identified the +4 war axe "Afiatwer" {flame, rC- Int+3 Dex+7} (You found it on level 5 of the Dungeon)
  2711 | D:5      | Found a staircase to the Ecumenical Temple.
  2722 | Temple   | Entered the Ecumenical Temple
  2734 | Temple   | Became a worshipper of Vehumet
  3099 | D:2      | Found a deep blue altar of Sif Muna.
  3099 | D:2      | Found a stormy altar of Qazlal.
  3099 | D:2      | Found a glowing silver altar of Zin.
  3101 | D:2      | Found an ancient bone altar of Kikubaaqudgha.
  3102 | D:2      | Found a bloodstained altar of Trog.
  3105 | D:2      | Found an ornate altar of the Wu Jian Council.
  4072 | D:4      | Found a hide-covered altar of Uskayaw.
  4086 | D:4      | Reached XP level 7. HP: 32/46 MP: 12/12
  4268 | D:4      | Reached skill level 1 in Axes
  4329 | D:5      | Reached skill level 4 in Spellcasting
  4332 | D:5      | Reached skill level 1 in Fighting
  4362 | D:5      | Learned a level 3 spell: Vampiric Draining
  4365 | D:5      | Found a glowing silver altar of Zin.
  4527 | D:5      | Reached * piety under Vehumet
  4527 | D:5      | Offered knowledge of Flame Tongue by Vehumet.
  4663 | D:6      | Noticed Prince Ribbit
  4708 | D:6      | Reached skill level 1 in Armour
  4795 | D:6      | Reached skill level 1 in Necromancy
  4880 | D:6      | Found Meojirru's Antique Weapon Emporium.
  4978 | D:6      | Found Zeleypaiwn's Distillery.
  4982 | D:6      | Found Liodup's Antique Weapon Emporium.
  4982 | D:6      | Found Ypsimu's Assorted Antiques.
  4983 | D:6      | Found Jimoulox's Armour Emporium.
  5009 | D:6      | Bought a smoky dark potion for 24 gold pieces
  5009 | D:6      | Bought a scroll labeled ROEZ IMPOLYE for 27 gold pieces
  5009 | D:6      | Bought a scroll labeled WIOMABLAZUR for 27 gold pieces
  5009 | D:6      | Bought a scroll labeled IFFIHIJ RACK for 27 gold pieces
  5013 | D:6      | Bought a potion of curing for 42 gold pieces
  5013 | D:6      | Bought a potion of lignification for 42 gold pieces
  5013 | D:6      | Bought a potion of heal wounds for 70 gold pieces
  5013 | D:6      | Bought a potion of curing for 42 gold pieces
  5082 | D:7      | Reached XP level 8. HP: 49/55 MP: 14/14
  5208 | D:6      | Offered knowledge of Throw Flame by Vehumet.
  5244 | D:7      | Reached ** piety under Vehumet
  5311 | D:7      | Killed an unseen horror
  5311 | D:7      | Reached XP level 9. HP: 28/63 MP: 6/16
  5528 | D:7      | Found a burning altar of Makhleb.
  5936 | D:8      | Noticed Xenophilius's ghost (novice TeFE)
  5938 | D:9      | Noticed a troll
  5942 | D:9      | Killed a troll
  5942 | D:9      | Reached skill level 5 in Spellcasting
  6039 | D:9      | Found a viscous altar of Jiyva.
  6087 | D:9      | Noticed a troll
  6094 | D:9      | Killed a troll
  6182 | D:8      | Found a shadowy altar of Dithmenos.
  6254 | D:8      | Reached skill level 5 in Axes
  6402 | D:9      | Noticed a troll
  6405 | D:9      | Killed a troll
  6637 | D:9      | Reached XP level 10. HP: 62/72 MP: 9/18
  6731 | D:9      | Offered knowledge of Searing Ray by Vehumet.
  6814 | D:10     | Entered Level 10 of the Dungeon
  6938 | D:10     | Reached skill level 5 in Dodging
  6992 | D:10     | Noticed anet's ghost (journeyman DEWz)
  7067 | D:10     | Noticed a wizard
  7068 | D:10     | Noticed a wizard
  7069 | D:10     | Killed a wizard
  7069 | D:10     | Reached skill level 5 in Fighting
  7069 | D:10     | Reached skill level 5 in Necromancy
  7069 | D:10     | Killed a wizard
  7069 | D:10     | Reached skill level 5 in Armour
  7177 | D:10     | Killed anet's ghost
  7177 | D:10     | Reached *** piety under Vehumet
  7263 | D:10     | Noticed an orc sorcerer
  7266 | D:10     | Noticed a rust devil
  7270 | D:10     | Paralysed by an orc sorcerer for 7 turns
  7279 | D:10     | Killed an orc sorcerer
  7279 | D:10     | Reached skill level 6 in Spellcasting
  7294 | D:10     | Reached XP level 11. HP: 62/79 MP: 8/20
  7482 | D:11     | Learned a level 3 spell: Regeneration
  7532 | D:11     | Found a labyrinth entrance.
  7560 | Lab      | Entered a labyrinth
  7660 | Lab      | Noticed a minotaur
  7690 | Lab      | Found the cursed necklace of Bloodlust {*Rage +Rage MR++ Int-3 Slay+6 *Curse}
  7715 | D:11     | Found a glowing golden altar of the Shining One.
  7775 | D:11     | EnegeticOcto: hey arra how do you like the new book changes?
  7794 | D:11     | Offered knowledge of Conjure Flame by Vehumet.
  7932 | D:11     | 4thArraOfDagon: I like them
  7932 | D:11     | 4thArraOfDagon: but for improvement
  7932 | D:11     | 4thArraOfDagon: I would suggest sorting them by 'level'
  7932 | D:11     | 4thArraOfDagon: so
  7932 | D:11     | 4thArraOfDagon: when you enter library you choose: level: 1,..,9, all
  7932 | D:11     | 4thArraOfDagon: and then school: earth,...,transloc, all
  7938 | D:11     | EnegeticOcto: yeah, you can already sort by schools
  7938 | D:11     | 4thArraOfDagon: so any spell could be found in quick time
  7940 | D:11     | EnegeticOcto: or rather filter
  7950 | D:12     | Noticed a two-headed ogre
  7956 | D:12     | Killed a two-headed ogre
  8031 | D:12     | Found Obofieneh's General Store.
  8038 | D:12     | Bought a potion of haste for 140 gold pieces
  8060 | D:12     | Reached **** piety under Vehumet
  8114 | D:14     | Noticed a tengu warrior
  8114 | D:14     | Noticed a tengu warrior
  8238 | D:14     | Reached skill level 10 in Earth Magic
  8261 | D:14     | Offered knowledge of Airstrike by Vehumet.
  8417 | D:14     | Noticed a centaur warrior
  8435 | D:14     | Killed a centaur warrior
  8505 | D:15     | Entered Level 15 of the Dungeon
  8506 | D:15     | Noticed a deep troll
  8506 | D:15     | Noticed a centaur warrior
  8578 | D:15     | Noticed a manticore
  8583 | D:15     | Killed a manticore
  8627 | D:15     | Noticed Roxanne
  8747 | D:15     | Noticed a two-headed ogre
  8750 | D:15     | Killed a two-headed ogre
  8795 | D:14     | Noticed a deep elf mage
  8804 | D:14     | Killed a deep elf mage
  8822 | D:15     | Noticed a two-headed ogre
  8824 | D:15     | Noticed an ettin
  8832 | D:15     | Killed a two-headed ogre
  8832 | D:15     | Reached XP level 12. HP: 89/89 MP: 11/22
  8846 | D:15     | Killed an ettin
  8846 | D:15     | Reached skill level 7 in Spellcasting
  9057 | D:15     | Noticed a two-headed ogre
  9061 | D:15     | Noticed a two-headed ogre
  9086 | D:15     | Noticed an ogre mage
  9092 | D:15     | Noticed a two-headed ogre
  9094 | D:15     | Killed an ogre mage
  9109 | D:15     | Killed a two-headed ogre
  9111 | D:15     | Killed a two-headed ogre
  9146 | D:15     | Noticed a catoblepas
  9156 | D:15     | Killed a two-headed ogre
  9299 | D:15     | Killed a centaur warrior
  9299 | D:15     | Reached skill level 10 in Axes
  9358 | D:15     | Killed Roxanne
  9382 | D:15     | Noticed a two-headed ogre
  9387 | D:15     | Killed a two-headed ogre
  9387 | D:15     | Reached skill level 8 in Spellcasting
  9408 | D:15     | Learned a level 9 spell: Shatter
  9507 | D:14     | Killed a tengu warrior
  9659 | D:13     | Noticed Maurice
 10039 | D:13     | Noticed a two-headed ogre
 10049 | D:13     | Killed a two-headed ogre
 10049 | D:13     | Gained mutation: You can hop long distances. [Barachi growth]
 10049 | D:13     | Reached XP level 13. HP: 96/96 MP: 14/25
 10060 | D:13     | Reached ***** piety under Vehumet
 10087 | D:13     | Learned a level 6 spell: Statue Form
 10226 | D:13     | Reached skill level 5 in Transmutations
 10323 | D:13     | Offered knowledge of Freezing Cloud by Vehumet.
 10418 | D:13     | Reached skill level 9 in Spellcasting
 10525 | D:13     | Gained mutation: Your natural rate of healing is unusually fast. [potion of mutation]
 10525 | D:13     | Gained mutation: You are robust. (+10% HP) [potion of mutation]
 10877 | D:13     | Noticed a vault guard
 10879 | D:13     | Noticed a vault guard
 10879 | D:13     | Noticed a vault guard
 10879 | D:13     | Noticed a vault guard
 10881 | D:13     | Killed a vault guard
 10882 | D:13     | Killed a vault guard
 10885 | D:13     | Killed a vault guard
 10893 | D:13     | Found a gate to the Vaults.
 10902 | D:13     | Killed a vault guard
 11059 | D:12     | Reached XP level 14. HP: 113/113 MP: 24/27
 11274 | D:12     | Found a staircase to the Orcish Mines.
 12020 | D:8      | Killed Xenophilius's ghost
 12027 | D:8      | ripd bud
 12052 | D:8      | Found a staircase to the Lair.
 12139 | D:8      | Offered knowledge of Fireball by Vehumet.
 12389 | Orc:1    | Entered Level 1 of the Orcish Mines
 12412 | Orc:2    | Entered Level 2 of the Orcish Mines
 12412 | Orc:2    | Noticed Donald
 12473 | Orc:1    | Found a roughly hewn altar of Beogh.
 12486 | Orc:1    | Found a frozen archway.
 12535 | IceCv    | Entered an ice cave
 12669 | IceCv    | Found the ring of the Octopus King
 12867 | IceCv    | Got a ring of the Octopus King
 12869 | IceCv    | Identified a ring of the Octopus King {MP+9 AC+1 EV+1 Str+1 Int+1 Dex+1} (You found it in an ice cave)
 12975 | Orc:1    | Found a burning altar of Makhleb.
 13226 | Orc:2    | Found Luaguykue's Food Boutique.
 13226 | Orc:2    | Found Imyaruv's Book Emporium.
 13226 | Orc:2    | Found Xoni's Book Emporium.
 13226 | Orc:2    | Found Vynomew's Gadget Shop.
 13235 | Orc:2    | Found a staircase to the Elven Halls.
 13251 | Orc:2    | Offered knowledge of Orb of Destruction by Vehumet.
 13270 | Orc:2    | Paralysed by an orc sorcerer for 6 turns
 13375 | Orc:2    | Found Peseedud's Antique Weapon Boutique.
 13429 | Orc:2    | Reached skill level 15 in Axes
 13835 | Orc:2    | Paralysed by an ogre mage for 4 turns
 13849 | Orc:2    | Reached XP level 15. HP: 118/118 MP: 28/28
 14382 | D:6      | Reached ****** piety under Vehumet
 14398 | D:6      | Bought a potion of heal wounds for 70 gold pieces
 14398 | D:6      | Bought a potion of agility for 56 gold pieces
 14398 | D:6      | Bought a potion of agility for 56 gold pieces
 14398 | D:6      | Bought a potion of agility for 56 gold pieces
 14398 | D:6      | Bought a potion of heal wounds for 70 gold pieces
 14454 | Lair:1   | Entered Level 1 of the Lair of Beasts
 14461 | Lair:1   | Offered knowledge of Bolt of Fire by Vehumet.
 14698 | Lair:1   | Found a burning altar of Makhleb.
 15148 | Lair:3   | Noticed Rupert
 15230 | Lair:3   | Noticed Harold
 15245 | Lair:3   | Killed Harold
 15280 | Lair:3   | Noticed Sonja
 15286 | Lair:3   | Killed Sonja
 15317 | Lair:3   | Reached skill level 15 in Earth Magic
 15365 | Lair:3   | Found a dark tunnel.
 15367 | Volcano  | Entered a volcano
 15539 | Volcano  | Found a radiant altar of Vehumet.
 15601 | Volcano  | Reached skill level 10 in Spellcasting
 15687 | Lair:3   | Found a hole to the Spider Nest.
 15698 | Lair:3   | Paralysed by Rupert for 6 turns
 15703 | Lair:3   | Killed Rupert
 15711 | Lair:3   | Identified 2 scrolls of acquirement
 15806 | Lair:3   | Offered knowledge of Spellforged Servitor by Vehumet.
 16387 | Lair:6   | Entered Level 6 of the Lair of Beasts
 16511 | Lair:6   | Reached XP level 16. HP: 126/126 MP: 30/30
 16519 | Lair:6   | Found a staircase to the Slime Pits.
 16695 | Lair:6   | Offered knowledge of Conjure Ball Lightning by Vehumet.
 16815 | Lair:6   | Reached skill level 11 in Spellcasting
 16858 | Lair:6   | Identified the cursed +1 robe "Ylaehom Imu" {rElec rPois Str+4 Int+2} (You found it on level 6 of the Lair of Beasts)
 16995 | Lair:6   | Upgraded the game from 0.22-a0-240-g539252a to 0.22-a0-246-gdc04c06
 18110 | Spider:1 | Entered Level 1 of the Spider Nest
 18308 | Spider:1 | Reached skill level 12 in Spellcasting
 18349 | Spider:1 | Offered knowledge of Ozocubu's Refrigeration by Vehumet.
 18628 | Spider:2 | Reached XP level 17. HP: 132/132 MP: 33/33
 18732 | Spider:2 | Offered knowledge of Lehudib's Crystal Spear by Vehumet.
 18732 | Spider:2 | Offered knowledge of Fire Storm by Vehumet.
 18732 | Spider:2 | Offered knowledge of Chain Lightning by Vehumet.
 18967 | Spider:2 | Upgraded the game from 0.22-a0-246-gdc04c06 to 0.22-a0-247-gbddf880
 19149 | Spider:2 | Reached skill level 13 in Spellcasting
 19392 | Spider:3 | Noticed Kirke
 19396 | Spider:3 | Killed Kirke
 19777 | Spider:4 | Entered Level 4 of the Spider Nest
 19821 | Spider:3 | Reached XP level 18. HP: 139/139 MP: 35/35
 20091 | Spider:4 | Reached skill level 14 in Spellcasting
 20417 | Spider:4 | Learned a level 5 spell: Borgnjor's Vile Clutch
 20427 | Spider:4 | Learned a level 9 spell: Fire Storm
 20479 | Spider:4 | Reached skill level 1 in Conjurations
 20592 | Spider:4 | Got a gossamer rune of Zot
 21006 | Lair:4   | Found a staircase to the Shoals.
 21025 | Shoals:1 | Entered Level 1 of the Shoals
 21100 | Shoals:1 | Reached skill level 5 in Conjurations
 22290 | Shoals:3 | Reached skill level 15 in Spellcasting
 22352 | Shoals:4 | Entered Level 4 of the Shoals
 22390 | Shoals:4 | Identified the ring "Etsas" {+Fly rC+ MP+9 Int+3} (You found it on level 4 of the Shoals)
 22551 | Shoals:4 | Reached XP level 19. HP: 145/145 MP: 38/38
 22563 | Shoals:4 | Noticed Ilsuiw
 22571 | Shoals:4 | Killed Ilsuiw
 22582 | Shoals:4 | Reached skill level 10 in Conjurations
 22584 | Shoals:4 | Got a barnacled rune of Zot
 22677 | Shoals:4 | Sergey: hello
 22689 | Shoals:4 | Sergey: need some advice in my game
 22689 | Shoals:4 | 4thArraOfDagon: hey Sergey
 22689 | Shoals:4 | 4thArraOfDagon: ok, lets go
 22949 | Shoals:4 | Identified the cursed +3 scimitar "Secziug" {freeze, +Fly rPois rF+ MR++} (You took it off a merfolk on level 4 of the Shoals)
 23362 | Elf:1    | Entered Level 1 of the Elven Halls
 23736 | Elf:1    | Found Neneluto's Magic Scroll Emporium.
 23744 | Elf:1    | Bought 3 scrolls of acquirement for 2028 gold pieces
 23744 | Elf:1    | Bought a scroll of blinking for 97 gold pieces
 23875 | Elf:2    | Noticed Asterion
 23884 | Elf:2    | Killed Asterion
 23886 | Elf:2    | Reached skill level 10 in Dodging
 24072 | Elf:2    | Learned a level 2 spell: Blink
 24174 | Elf:3    | Entered Level 3 of the Elven Halls
 24184 | Elf:3    | Found Nuuptunk's General Store.
 24193 | Elf:3    | Noticed Aizul
 24201 | Elf:3    | Killed Aizul
 24201 | Elf:3    | Reached XP level 20. HP: 152/152 MP: 39/39
 24228 | Elf:3    | Bought a potion of mutation for 160 gold pieces
 24228 | Elf:3    | Bought a scroll of blinking for 150 gold pieces
 24322 | Elf:2    | Found a huge runed gate.
 24322 | Elf:2    | Found a huge runed gate.
 24322 | Elf:2    | Found a huge runed gate.
 24322 | Elf:2    | Found a huge runed gate.
 24546 | Elf:3    | Noticed Louise
 24611 | Elf:3    | Found an ancient bone altar of Kikubaaqudgha.
 24617 | Elf:3    | Cast into level 2 of the Abyss (Louise)
 24649 | Abyss:2  | Found a corrupted altar of Lugonu.
 24659 | Elf:3    | Escaped the Abyss
 24676 | Elf:3    | Cast into level 2 of the Abyss (Louise)
 24676 | Abyss:2  | Found a corrupted altar of Lugonu.
 24686 | Elf:3    | Escaped the Abyss
 24689 | Elf:3    | Killed Louise
 24734 | Elf:3    | Reached skill level 16 in Spellcasting
 24942 | Elf:3    | Identified the Collected Works on Calling
 24997 | Elf:3    | Identified the ring of Xom's Displeasure {+Blink rN+ MP+9} (You took it off a deep elf elementalist on level 3 of the Elven Halls)
 25000 | Elf:3    | Identified the +5 great mace "Egushe" {flame, *Contam rC+ Int+6} (You took it off a deep elf elementalist on level 3 of the Elven Halls)
 25003 | Elf:3    | Got an encrusted quarterstaff {crush}
 25004 | Elf:3    | Identified the cursed +3 quarterstaff of the Scavenger {crush, +Inv rElec MR+ Str+3} (You took it off a deep elf mage on level 3 of the Elven Halls)
 25032 | Elf:3    | Got a dazzling falchion {freeze}
 25033 | Elf:3    | Identified the cursed +3 falchion "Vieniv" {freeze, -Tele rN+ Dex+5} (You took it off a deep elf knight on level 3 of the Elven Halls)
 25166 | Elf:3    | Got a pair of dazzling boots
 25177 | Elf:3    | Identified the +2 pair of boots "Uruelaiq" {rPois Int+4 Slay-6} (You acquired it on level 3 of the Elven Halls)
 25178 | Elf:3    | Got an encrusted scale mail
 25189 | Elf:3    | Identified the +5 scale mail of Tyiloe Ykota {MR+ rCorr Int+3} (You acquired it on level 3 of the Elven Halls)
 25228 | Elf:3    | Got a sparkling zirconium amulet
 25230 | Elf:3    | Identified the amulet "Rubeys" {+Rage Int+4} (You acquired it on level 3 of the Elven Halls)
 25321 | Orc:2    | Killed Donald
 25321 | Orc:2    | Reached skill level 17 in Spellcasting
 25463 | D:15     | Found Eju Ymoc's Book Shoppe.
 25520 | D:15     | Found Iluittil's Gadget Shoppe.
 25540 | D:15     | Killed Maurice
 25544 | D:15     | Found a staircase to the Depths.
 25555 | Depths:1 | Entered Level 1 of the Depths
 25555 | Depths:1 | Found a one-way gate leading to the halls of Pandemonium.
 25573 | Depths:1 | Reached skill level 1 in Evocations
 25604 | D:15     | Found Nitru's Magic Scroll Shoppe.
 25612 | D:15     | Bought a scroll of teleportation for 57 gold pieces
 25683 | Depths:1 | Reached XP level 21. HP: 147/158 MP: 32/42
 25746 | Depths:1 | Found Daonenaj's Food Boutique.
 25746 | Depths:1 | Found Tinn's Food Shop.
 25746 | Depths:1 | Found Ujiw's Distillery.
 25757 | Depths:1 | Bought a potion of haste for 140 gold pieces
 25757 | Depths:1 | Bought a potion of haste for 140 gold pieces
 25757 | Depths:1 | Bought a potion of heal wounds for 70 gold pieces
 25757 | Depths:1 | Bought a potion of heal wounds for 70 gold pieces
 25757 | Depths:1 | Bought a potion of heal wounds for 70 gold pieces
 25818 | Depths:1 | Noticed a juggernaut
 25819 | Depths:1 | Reached skill level 18 in Spellcasting
 25821 | Depths:1 | Killed a juggernaut
 25824 | Depths:1 | Reached skill level 5 in Evocations
 25933 | Depths:1 | Learned a level 9 spell: Glaciate
 25983 | Depths:1 | Found a gateway to Hell.
 26451 | Depths:2 | Reached skill level 19 in Spellcasting
 26533 | Depths:2 | Identified the ring of Umuesair {Fire rElec Str-4 Dex+7} (You found it on level 2 of the Depths)
 26622 | Depths:2 | Reached skill level 10 in Evocations
 26622 | Depths:2 | Reached XP level 22. HP: 166/166 MP: 0/45
 26811 | Depths:2 | Identified the +10 shield of Resourcefulness {rC- rN+ Stlth+} (You found it on level 2 of the Depths)
 26949 | Depths:3 | Found a one-way gate to the infinite horrors of the Abyss.
 27174 | Depths:3 | Noticed a juggernaut
 27179 | Depths:3 | Killed a juggernaut
 27179 | Depths:3 | Reached skill level 20 in Spellcasting
 27248 | Depths:3 | Reached skill level 1 in Fire Magic
 27397 | Depths:4 | Noticed Xtahua
 27548 | Depths:4 | Reached skill level 1 in Ice Magic
 27605 | Depths:3 | Learned a level 6 spell: Iron Shot
 27738 | Depths:4 | Noticed Jorgrun
 27748 | Depths:4 | Killed Jorgrun
 27847 | Depths:4 | Noticed Mara
 27869 | Depths:4 | Killed Mara
 27986 | Depths:4 | Reached skill level 5 in Ice Magic
 27997 | Depths:4 | Reached skill level 5 in Fire Magic
 28010 | Depths:4 | Reached XP level 23. HP: 115/171 MP: 4/47
 28101 | Depths:4 | Killed Xtahua
 28103 | Depths:4 | HP: 7/171 [shadow dragon/bolt of negative energy (32)]
 28323 | Depths:4 | Noticed a caustic shrike
 28328 | Depths:4 | Killed a caustic shrike
 28504 | Depths:5 | Entered Level 5 of the Depths
 28506 | Depths:5 | Noticed a juggernaut
 28512 | Depths:5 | Killed a juggernaut
 28879 | Depths:5 | Found a gateway to a ziggurat.
 28909 | Zig:1    | Entered Level 1 of a ziggurat
 28958 | Zig:2    | Entered Level 2 of a ziggurat
 28995 | Zig:3    | Entered Level 3 of a ziggurat
 29021 | Zig:4    | Entered Level 4 of a ziggurat
 29035 | Zig:4    | Reached skill level 21 in Spellcasting
 29035 | Zig:4    | Reached XP level 24. HP: 179/179 MP: 48/48
 29037 | Zig:4    | Reached skill level 15 in Conjurations
 29037 | Zig:4    | Reached XP level 25. HP: 184/184 MP: 48/48
 29042 | Zig:5    | Entered Level 5 of a ziggurat
 29086 | Zig:5    | Identified the cursed +1 leather armour "Baunon" {Dex+4} (You found it on level 5 of a ziggurat)
 29098 | Zig:6    | Entered Level 6 of a ziggurat
 29155 | Zig:6    | Reached skill level 10 in Ice Magic
 29155 | Zig:6    | Reached XP level 26. HP: 192/192 MP: 8/48
 29168 | Zig:6    | Identified the +6 demon whip "Cerrer" {slash, *Contam rF++ rC++} (You found it on level 6 of a ziggurat)
 29234 | Zig:7    | Entered Level 7 of a ziggurat
 29273 | Zig:8    | Entered Level 8 of a ziggurat
 29286 | Zig:8    | Reached skill level 10 in Fire Magic
 29313 | Zig:9    | Entered Level 9 of a ziggurat
 29325 | Zig:9    | Reached XP level 27. HP: 135/198 MP: 48/48
 29359 | Zig:10   | Entered Level 10 of a ziggurat
 29424 | Zig:11   | Entered Level 11 of a ziggurat
 29474 | Zig:11   | Identified The Advanced Guide to the Arcane Arts
 29483 | Zig:11   | Learned a level 2 spell: Sublimation of Blood
 29501 | Zig:12   | Entered Level 12 of a ziggurat
 29538 | Zig:12   | Identified the ring of Turios {+Fly rC+} (You found it on level 12 of a ziggurat)
 29540 | Zig:12   | Identified the ring of Ycayluvi {Int+7 Dex-5 Slay+3} (You found it on level 12 of a ziggurat)
 29560 | Zig:13   | Entered Level 13 of a ziggurat
 29573 | Zig:13   | Noticed Ypuc the pandemonium lord
 29574 | Zig:13   | Noticed Maluu the pandemonium lord
 29577 | Zig:13   | Noticed Afograo the pandemonium lord
 29579 | Zig:13   | Killed Maluu the pandemonium lord
 29580 | Zig:13   | Killed Ypuc the pandemonium lord
 29581 | Zig:13   | Killed Afograo the pandemonium lord
 29581 | Zig:13   | Reached skill level 22 in Spellcasting
 29619 | Zig:14   | Entered Level 14 of a ziggurat
 29642 | Zig:14   | Found the +10 Black Knight's horse barding {ponderous, rPois rN+}
 29642 | Zig:14   | Found the +0 mask of the Dragon {MR+ Slay+3 SInv}
 29650 | Zig:14   | Identified the +8 broad axe "Woof" {chop, rPois rF+ SInv Stlth+} (You found it on level 14 of a ziggurat)
 29693 | Zig:15   | Entered Level 15 of a ziggurat
 29707 | Zig:15   | Noticed Sazadiyn the pandemonium lord
 29712 | Zig:16   | Entered Level 16 of a ziggurat
 29770 | Zig:16   | Noticed an ancient lich
 29771 | Zig:16   | Killed an ancient lich
 29775 | Zig:16   | Noticed an ancient lich
 29775 | Zig:16   | Paralysed by a sphinx for 6 turns
 29782 | Zig:16   | Paralysed by a sphinx for 4 turns
 29789 | Zig:16   | Killed an ancient lich
 29874 | Zig:16   | Identified the ring "Riorah" {rCorr rElec Dex+9} (You found it on level 16 of a ziggurat)
 29895 | Zig:16   | Learned a level 1 spell: Apportation
 29902 | Zig:16   | Learned a level 3 spell: Regeneration
 29904 | Zig:17   | Entered Level 17 of a ziggurat
 29922 | Zig:17   | Reached skill level 15 in Ice Magic
 29930 | Zig:17   | Gained mutation: You are very robust. (+20% HP) [mutagenic glow]
 29939 | Zig:17   | Gained mutation: You are dopey. (Int -2) [a shining eye]
 30021 | Zig:17   | Identified the amulet of Tiwoumomm {Inacc rElec Int+2 Dex+3} (You found it on level 17 of a ziggurat)
 30027 | Zig:17   | Identified the Almanac of Battle Magic
 30034 | Zig:17   | Identified the Papyrus of Mutagenic Evil Rites
 30039 | Zig:17   | Got a brightly glowing chain mail
 30050 | Zig:17   | Identified the +7 chain mail "Simapoci" {Dex+3} (You found it on level 17 of a ziggurat)
 30066 | Zig:17   | Reached skill level 23 in Spellcasting
 30070 | Zig:18   | Entered Level 18 of a ziggurat
 30092 | Zig:18   | Noticed a greater mummy
 30092 | Zig:18   | Noticed a greater mummy
 30095 | Zig:18   | Killed a greater mummy
 30096 | Zig:18   | Killed a greater mummy
 30098 | Zig:18   | Noticed a greater mummy
 30104 | Zig:18   | Killed a greater mummy
 30157 | Zig:18   | Identified the Grimoire of Scorching Intoxication
 30160 | Zig:18   | Reached skill level 15 in Fire Magic
 30163 | Zig:18   | Got a transparent garnet amulet
 30165 | Zig:18   | Identified the amulet of the Priest {Inacc MR+++ Str+3 Int-2 SInv} (You found it on level 18 of a ziggurat)
 30190 | Zig:19   | Entered Level 19 of a ziggurat
 30204 | Zig:19   | Noticed an ancient lich
 30206 | Zig:19   | Killed an ancient lich
 30215 | Zig:19   | Noticed an ancient lich
 30221 | Zig:19   | Killed an ancient lich
 30314 | Zig:19   | Found the ring of the Octopus King
 30331 | Zig:19   | Got a ring of the Octopus King
 30333 | Zig:19   | Identified a ring of the Octopus King {rCorr AC+1 EV+1 Str+1 Int+1 Dex+1} (You found it on level 19 of a ziggurat)
 30342 | Zig:20   | Entered Level 20 of a ziggurat
 30381 | Zig:20   | Found the ring of Phasing {EV+8}
 30387 | Zig:20   | Reached skill level 24 in Spellcasting
 30400 | Zig:20   | Identified the cursed +0 helmet of Birdsong {rElec rF+ rCorr} (You found it on level 20 of a ziggurat)
 30413 | Zig:21   | Entered Level 21 of a ziggurat
 30478 | Zig:21   | Noticed a greater mummy
 30478 | Zig:21   | Noticed a greater mummy
 30478 | Zig:21   | Noticed a greater mummy
 30478 | Zig:21   | Noticed a greater mummy
 30478 | Zig:21   | Noticed a greater mummy
 30478 | Zig:21   | Noticed a greater mummy
 30478 | Zig:21   | Noticed a greater mummy
 30478 | Zig:21   | Noticed a greater mummy
 30480 | Zig:21   | Noticed a greater mummy
 30484 | Zig:21   | Killed a greater mummy
 30484 | Zig:21   | Killed a greater mummy
 30484 | Zig:21   | Killed a greater mummy
 30506 | Zig:21   | Killed a greater mummy
 30508 | Zig:21   | Noticed a greater mummy
 30508 | Zig:21   | Killed a greater mummy
 30509 | Zig:21   | Killed a greater mummy
 30510 | Zig:21   | Killed a greater mummy
 30510 | Zig:21   | Killed a greater mummy
 30511 | Zig:21   | Noticed a greater mummy
 30511 | Zig:21   | Noticed a greater mummy
 30511 | Zig:21   | Noticed a greater mummy
 30529 | Zig:21   | Identified the ring "Moepn" {+Blink MR+ MP+9} (You found it on level 21 of a ziggurat)
 30534 | Zig:22   | Entered Level 22 of a ziggurat
 30582 | Zig:22   | Noticed Ipofic the pandemonium lord
 30590 | Zig:22   | Killed Ipofic the pandemonium lord
 30592 | Zig:22   | Noticed Zagutez the pandemonium lord
 30594 | Zig:22   | Noticed Vaecuqej the pandemonium lord
 30598 | Zig:22   | Noticed Loydaug the pandemonium lord
 30598 | Zig:22   | Killed Zagutez the pandemonium lord
 30603 | Zig:22   | Killed Vaecuqej the pandemonium lord
 30609 | Zig:22   | Killed Loydaug the pandemonium lord
 30609 | Zig:22   | Reached skill level 25 in Spellcasting
 30624 | Zig:22   | Noticed Wamapukh the pandemonium lord
 30626 | Zig:22   | Noticed Ketifo the pandemonium lord
 30628 | Zig:22   | Killed Ketifo the pandemonium lord
 30629 | Zig:22   | Noticed Ymull the pandemonium lord
 30631 | Zig:22   | Slain by Wamapukh the pandemonium lord

Vault maps used:
D:1:      lightli_arrival_maybe_door_vault
D:2:      minitemple
D:3:      minmay_misc_feat_hallway
D:4:      eat_drink_and_be_merry_uskayaw, lemuel_round_altar,
          kennysheep_mini_moat
D:5:      minmay_temple_entry_large_hall, first_ration, doesnt_xom_only_xom
D:6:      serial_shops, shop, minmay_shop_grid_forest, minmay_fountain_box,
          uniq_prince_ribbit1
D:7:      overflow_temple_1_default, lemuel_flamethrower_1
D:8:      overflow_temple_1_default, erik_lair_island, hangedman_pestilent_swarm
D:9:      jiyva_altar_1
D:10:     cheibrodos_wizards_tower
D:11:     lab_entry_generic, tso_metal_star
D:12:     orc_0_dummy, serial_shops, shop_fountains, minmay_misc_feat_room,
          feat_on_display
D:13:     minmay_the_grid_plus_closed, lightli_vaults_fourway_checkpoint,
          uniq_maurice
D:14:     serial_co_window_serial, co_window_cross_1, co_window_paths_b,
          co_window_corner_a, co_window_corner_a, co_window_corner_a,
          co_window_2corner, co_window_broadway_c, co_window_corner_b,
          co_window_of_opportunity_b, co_window_4corner_b, glass_columns_a,
          glass_columns_b, glass_columns_b, glass_columns_a, glass_columns_a,
          minmay_misc_feat_tower, special_room
D:15:     hangedman_depths_entry_civil_slaughter, serial_shops,
          nicolae_shop_trees, nicolae_shop_behind_doors, nicolae_shop_crystal,
          hangedman_decor_diamond_cutter, uniq_roxanne
Temple:   minmay_temple_curvy_loop
Lair:1:   basic_altar, roderic_batcave, serial_bayou_shore_b
Lair:3:   lemuel_ratsnest, nicolae_spider_entry_tight_spaces, enter_volcano_2,
          bobbens_dragon_lair_wall, uniq_harold, uniq_rupert, uniq_sonja
Lair:4:   wad_woods_structure_01, elwin_shoals_entry_rooms, lemuel_fruit_tree,
          serial_bayou_shore_b
Lair:5:   grunt_forest_large_clearing_hut
Lair:6:   due_jungle_book, slime_dummy
Shoals:1: nicolae_shoals_aquamancer_cove
Shoals:4: shoals_end_grunt_ice, shoal_ilsuiw
Spider:1: nicolae_spider_webs_and_nodes
Spider:2: nicolae_spider_hall_of_the_moth_king
Spider:3: uniq_kirke
Spider:4: grunt_spider_rune_circles, spider_trap, worms_lemuel
Orc:1:    portal_ice_cave_entry_pillars_1, basic_altar, nicolae_orc_lost_temple
Orc:2:    st_orc_ogre_mass, serial_shops, shop, uniq_donald
Elf:1:    eino_elf_arrival_the_gate, serial_shops, shop,
          hangedman_elven_crosses_minicolossus, kilobyte_mutagenic_chamber,
          minmay_shop_grove, uniq_asterion
Elf:2:    billiards_dpeg
Elf:3:    minmay_elf_hall_curves, basic_altar, serial_shops, nicolae_shop_trees,
          due_unseen_surprise, uniq_aizul, uniq_louise
Depths:1: pan_entry, hell_entry, lemuel_flamethrower_2, minmay_shop_star,
          kennysheep_random_hallway, serial_bayou_shore_b
Depths:2: radiant_caverns_b_rkd, hell_entry
Depths:3: cheibrodos_hall_of_evolution, rand_demon_pan_entry_1,
          pf_hell_entry_tar_river, abyss_entry, minmay_stone_trees_medium
Depths:4: hangedman_cross_cluster, abyss_entry, grunt_decor_cap, pan_entry,
          hell_entry, uniq_mara, uniq_xtahua, uniq_jorgrun
Depths:5: evilmike_zot_entry_hall, enter_ziggurat_c, hell_entry,
          minmay_misc_feat_nine_boxes
Abyss:2:  hangedman_stitches_earthworm
Zig:6:    ziggurat_pillar_centre_c
Zig:8:    ziggurat_pillar_centre_smoke
Zig:16:   ziggurat_pillar_centre_oklobs
Zig:17:   ziggurat_pillar_centre_drop
Zig:20:   ziggurat_pillar_centre_dead_trees
Lab:      labyrinth_mini_lab
IceCv:    ice_cave_small_dragons
Volcano:  volcano_lake

Skill      XL: |  1  2  3  4  5  6  7  8  9 10 11 12 13 14 15 16 17 18 19 20 21 22 23 24 25 26 27 |
---------------+----------------------------------------------------------------------------------+-----
Earth Magic    | 4 5 6 7 8 9 10 12 13 15 17 19 20 | 20.0
Spellcasting   | 3 4 5 6 8 9 10 12 13 15 17 19 20 21 25 | 25.2
Axes           | 2 4 5 7 8 10 12 16 | 16.0
Fighting       | 2 3 4 5 6 7 |  7.1
Armour         | 1 3 4 5 6 7 |  7.0
Necromancy     | 1 3 4 5 6 |  6.4
Dodging        | 3 4 5 6 7 10 12 | 12.1
Transmutations | 3 6 |  6.3
Conjurations   | 8 12 13 14 15 21 | 21.6
Evocations     | 2 10 11 | 11.0
Fire Magic     | 5 8 9 10 16 | 16.3
Ice Magic      | 5 8 9 10 11 17 | 17.6
Stealth        | |  1.7

Action                   |  1- 3 |  4- 6 |  7- 9 | 10-12 | 13-15 | 16-18 | 19-21 | 22-24 | 25-27 || total
-------------------------+-------+-------+-------+-------+-------+-------+-------+-------+-------++-------
Melee: Unarmed           |     4 |       |       |       |       |       |       |       |       ||     4
       Club              |    10 |       |       |       |       |       |       |       |       ||    10
       Mace              |    43 |    38 |       |       |       |       |       |       |       ||    81
       War axe           |       |    50 |   151 |   316 |  1091 |  1759 |   353 |   106 |    25 ||  3851
       Broad axe         |       |       |       |       |       |       |       |       |     8 ||     8
Throw: Stone             |       |       |       |       |     1 |       |       |       |       ||     1
 Cast: Sandblast         |    27 |    58 |    31 |    59 |     1 |     8 |     1 |       |       ||   185
       Lee's Rapid Decon |       |     1 |    10 |    64 |    30 |    26 |    34 |    34 |     1 ||   200
       Regeneration      |       |       |       |    17 |    69 |   109 |    28 |    19 |    31 ||   273
       Vampiric Draining |       |       |       |     7 |     8 |       |       |       |       ||    15
       Passwall          |       |       |       |    13 |    31 |    19 |    11 |       |       ||    74
       Statue Form       |       |       |       |       |    62 |    83 |    29 |    15 |     4 ||   193
       Shatter           |       |       |       |       |       |    21 |   141 |   123 |   121 ||   406
       Borgnjor's Vile C |       |       |       |       |       |       |    16 |    11 |     1 ||    28
       Iron Shot         |       |       |       |       |       |       |       |     2 |       ||     2
       Fire Storm        |       |       |       |       |       |       |       |       |    34 ||    34
       Glaciate          |       |       |       |       |       |       |       |       |    21 ||    21
       Apportation       |       |       |       |       |       |       |       |       |     5 ||     5
       Sublimation of Bl |       |       |       |       |       |       |       |       |     4 ||     4
 Abil: Hop               |     1 |     1 |       |     5 |     2 |       |       |     2 |     4 ||    15
       End Transformatio |       |       |       |       |    19 |     1 |     6 |     2 |     1 ||    29
       Evoke Flight      |       |       |       |       |       |       |       |     1 |       ||     1
Evoke: Lamp of fire      |       |       |       |     1 |     2 |       |       |     1 |       ||     4
       Wand              |       |       |       |     4 |     1 |     1 |       |     2 |     1 ||     9
       Staff of energy   |       |       |       |       |       |       |    79 |   238 |   172 ||   489
       Lightning rod     |       |       |       |       |       |       |       |     4 |       ||     4
       Box of beasts     |       |       |       |       |       |       |       |     1 |       ||     1
  Use: Scroll            |     5 |     3 |     2 |    11 |    18 |     9 |    29 |     3 |    22 ||   102
       Potion            |       |       |     1 |     4 |     5 |       |     3 |     8 |    12 ||    33
 Stab: Sleeping          |     2 |     4 |     3 |     2 |     2 |     4 |       |       |       ||    17
       Distracted        |       |       |       |     1 |     1 |       |       |       |       ||     2
       Held in net/web   |       |       |       |       |       |     1 |       |       |       ||     1
       Petrified         |       |       |       |       |       |       |     2 |       |       ||     2
  Eat: Chunk             |     2 |    10 |    10 |    12 |    46 |    61 |    27 |    18 |     7 ||   193
       Ration            |       |     1 |     1 |     5 |     4 |     2 |     9 |     2 |     5 ||    29
Armor: Robe              |    19 |    12 |       |       |       |    22 |     5 |    10 |     7 ||    75
       Ring mail         |       |       |    32 |       |       |       |       |       |       ||    32
       Skin              |       |       |     4 |       |   643 |  1857 |   305 |   102 |    58 ||  2969
       Troll leather arm |       |       |    12 |    86 |    77 |       |       |       |       ||   175
Dodge: Dodged            |    65 |    87 |   132 |   265 |  1356 |  2972 |   563 |   230 |    81 ||  5751
       Deflected         |       |       |       |       |       |       |    17 |    11 |     8 ||    36

Table legend:
 A = Spawn XP
 B = Non-spawn XP
 C = Spawn XP percentage of total XP
 D = Spawn monster count
 E = Non-spawn monster count
 F = Spawn count percentage of total count
 G = Total turns spent on level
                    A         B        C        D         E        F      G
               +---------+---------+-------+---------+---------+-------+---------
         Total |      74 | 1400832 |   0.0 |       2 |    2254 |   0.1 | 30631
               +---------+---------+-------+---------+---------+-------+---------
           D:1 |       0 |      34 |   0.0 |       0 |      20 |   0.0 |   719
           D:2 |       0 |      54 |   0.0 |       0 |      18 |   0.0 |   805
           D:3 |       0 |     153 |   0.0 |       0 |      27 |   0.0 |  1640
           D:4 |       0 |     230 |   0.0 |       0 |      18 |   0.0 |   696
           D:5 |       0 |     319 |   0.0 |       0 |      16 |   0.0 |   883
           D:6 |       0 |     809 |   0.0 |       0 |      24 |   0.0 |   386
           D:7 |       0 |    1397 |   0.0 |       0 |      15 |   0.0 |   732
           D:8 |       0 |    3267 |   0.0 |       0 |      25 |   0.0 |   644
           D:9 |       0 |    2319 |   0.0 |       0 |      30 |   0.0 |   919
          D:10 |       0 |    4805 |   0.0 |       0 |      25 |   0.0 |   738
          D:11 |       0 |    3384 |   0.0 |       0 |      43 |   0.0 |   871
          D:12 |       0 |    4116 |   0.0 |       0 |      28 |   0.0 |   800
          D:13 |       0 |   22169 |   0.0 |       0 |      53 |   0.0 |  1031
          D:14 |       0 |    6187 |   0.0 |       0 |      44 |   0.0 |  1152
          D:15 |       0 |   17952 |   0.0 |       0 |      32 |   0.0 |   934
        Lair:1 |       0 |    1142 |   0.0 |       0 |      13 |   0.0 |   299
        Lair:2 |       0 |    3399 |   0.0 |       0 |      15 |   0.0 |   378
        Lair:3 |       0 |   14827 |   0.0 |       0 |      79 |   0.0 |   792
        Lair:4 |       0 |   10187 |   0.0 |       0 |      39 |   0.0 |  1006
        Lair:5 |       0 |    5340 |   0.0 |       0 |      18 |   0.0 |   406
        Lair:6 |       0 |   27259 |   0.0 |       0 |      73 |   0.0 |   881
      Shoals:1 |       0 |   15417 |   0.0 |       0 |      28 |   0.0 |   569
      Shoals:2 |       0 |   15693 |   0.0 |       0 |      35 |   0.0 |   531
      Shoals:3 |       0 |    4389 |   0.0 |       0 |       8 |   0.0 |   270
      Shoals:4 |       0 |   32885 |   0.0 |       0 |      56 |   0.0 |   726
      Spider:1 |       0 |   20961 |   0.0 |       0 |      64 |   0.0 |   522
      Spider:2 |       0 |   33089 |   0.0 |       0 |      81 |   0.0 |   726
      Spider:3 |       0 |   22906 |   0.0 |       0 |      58 |   0.0 |   561
      Spider:4 |       0 |   34918 |   0.0 |       0 |      92 |   0.0 |   771
         Orc:1 |       0 |    3581 |   0.0 |       0 |      51 |   0.0 |   438
         Orc:2 |       0 |   27391 |   0.0 |       0 |     105 |   0.0 |   987
         Elf:1 |       0 |   22695 |   0.0 |       0 |      36 |   0.0 |   612
         Elf:2 |       0 |   34437 |   0.0 |       0 |      47 |   0.0 |   305
         Elf:3 |       0 |   63559 |   0.0 |       0 |      62 |   0.0 |   985
      Depths:1 |       0 |   56140 |   0.0 |       0 |      74 |   0.0 |   517
      Depths:2 |       0 |   65520 |   0.0 |       0 |     122 |   0.0 |   782
      Depths:3 |       0 |   56430 |   0.0 |       0 |      70 |   0.0 |   819
      Depths:4 |       0 |   78675 |   0.0 |       0 |      66 |   0.0 |   841
      Depths:5 |       0 |   46456 |   0.0 |       0 |      44 |   0.0 |   301
       Abyss:2 |      74 |       0 | 100.0 |       2 |       0 | 100.0 |    52
         Zig:1 |       0 |    1847 |   0.0 |       0 |       2 |   0.0 |    49
         Zig:2 |       0 |    1575 |   0.0 |       0 |       4 |   0.0 |    37
         Zig:3 |       0 |    5237 |   0.0 |       0 |       3 |   0.0 |    26
         Zig:4 |       0 |    5913 |   0.0 |       0 |       4 |   0.0 |    21
         Zig:5 |       0 |    7800 |   0.0 |       0 |       5 |   0.0 |    56
         Zig:6 |       0 |    5400 |   0.0 |       0 |      10 |   0.0 |   136
         Zig:7 |       0 |    8832 |   0.0 |       0 |      11 |   0.0 |    39
         Zig:8 |       0 |   16998 |   0.0 |       0 |      10 |   0.0 |    40
         Zig:9 |       0 |   15902 |   0.0 |       0 |      15 |   0.0 |    46
        Zig:10 |       0 |   11857 |   0.0 |       0 |      20 |   0.0 |    65
        Zig:11 |       0 |   20669 |   0.0 |       0 |      14 |   0.0 |    77
        Zig:12 |       0 |   31477 |   0.0 |       0 |      22 |   0.0 |    59
        Zig:13 |       0 |   43092 |   0.0 |       0 |      20 |   0.0 |    59
        Zig:14 |       0 |   27454 |   0.0 |       0 |      32 |   0.0 |    74
        Zig:15 |       0 |   23953 |   0.0 |       0 |      20 |   0.0 |    19
        Zig:16 |       0 |   54351 |   0.0 |       0 |      34 |   0.0 |   192
        Zig:17 |       0 |   45336 |   0.0 |       0 |      36 |   0.0 |   166
        Zig:18 |       0 |   42817 |   0.0 |       0 |      63 |   0.0 |   120
        Zig:19 |       0 |   65819 |   0.0 |       0 |      37 |   0.0 |   152
        Zig:20 |       0 |   57527 |   0.0 |       0 |      37 |   0.0 |    71
        Zig:21 |       0 |   58213 |   0.0 |       0 |      47 |   0.0 |   121
        Zig:22 |       0 |   74794 |   0.0 |       0 |      18 |   0.0 |    97
         IceCv |       0 |    5341 |   0.0 |       0 |      20 |   0.0 |   419
       Volcano |       0 |    4137 |   0.0 |       0 |      16 |   0.0 |   307
               +---------+---------+-------+---------+---------+-------+---------
